 Dungeon Crawl Stone Soup version 0.30-a0-297-g0ec75d9ef4 (webtiles) character file.

Game seed: 1481678654486534974

98 MewnPig the Trooper (level 4, 24/40 HPs)
             Began as a Draconian Berserker on Oct 19, 2022.
             Was a Believer of Trog.
             Quit the game on level 3 of the Dungeon.
             The game lasted 00:27:40 (1795 turns).

MewnPig the Trooper (Draconian Berserker)           Turns: 1795, Time: 00:27:40

Health: 24/40      AC:  5    Str: 21    XL:     4   Next: 43%
Magic:  4/4        EV: 12    Int:  8    God:    Trog [**....]
Gold:   36         SH:  0    Dex: 10    Spells: 3/3 levels left

rFire   . . .      SeeInvis .    g - +4 dagger
rCold   . . .      Faith    .    (no shield)
rNeg    . . .      Spirit   .    (body armour unavailable)
rPois   .          Reflect  .    (helmet restricted)
rElec   .          Harm     .    (no cloak)
rCorr   .          Rampage  .    (no gloves)
Will    .....                    (no boots)
Stlth   +.........               (no amulet)
HPRegen 0.26/turn                (no ring)
MPRegen 0.09/turn                (no ring)

@: no status effects
A: AC +5, unfitting armour, cold-blooded
a: Renounce Religion, Berserk, Trog's Hand


You were on level 3 of the Dungeon.
You worshipped Trog.
Trog was pleased with you.
You visited 1 branch of the dungeon, and saw 3 of its levels.

You collected 36 gold pieces.

Inventory:

Hand Weapons
 a - a +0 spear
 b - a +0 dagger
 d - a +0 short sword
 e - a +0 falchion
 f - a +0 dagger
 g - a +4 dagger (weapon)
 h - a +0 short sword of venom
 j - a +0 dagger
 t - a +0 mace
Missiles
 l - 23 stones (quivered)
 n - 4 poisoned darts
Armour
 i - a +0 leather armour
Scrolls
 c - 2 scrolls of identify {unknown}
 k - a scroll of magic mapping {unknown}
 p - a scroll of vulnerability {unknown}
 w - a scroll of poison {unknown}
Potions
 m - 2 potions of heal wounds {unknown}
 o - a potion of might {unknown}
 q - a potion of curing
 r - a potion of lignification {unknown}
 s - a potion of haste {unknown}
 u - a potion of resistance {unknown}
 v - a potion of degeneration {unknown}


   Skills:
 * Level 4.0 Fighting
 - Level 1.2 Short Blades
 * Level 4.0 Polearms
 * Level 3.3 Dodging
 + Level 0.2 Stealth


You had 3 spell levels left.
You didn't know any spells.
Your spell library was empty.

Dungeon Overview and Level Annotations

Branches:
Dungeon (3/15)

Altars:

Shops:
D:1 =


Innate Abilities, Weirdness & Mutations

Your plain brown scales are hard. (AC +5)
You cannot fit into any form of body armour.
You are cold-blooded and may be slowed by cold attacks.


Message History

The gnoll closely misses you.
You closely miss the gnoll. You tail-slap the gnoll.
The gnoll is lightly wounded.
The gnoll misses you. The gnoll closely misses you.
You hit the gnoll.
The gnoll is heavily wounded.
The gnoll hits you but does no damage. The gnoll misses you.
You hit the gnoll.
You tail-slap the gnoll, but do no damage.
The gnoll is heavily wounded.
You hit the gnoll.
Your tail-slap misses the gnoll.
The gnoll is severely wounded.
The gnoll closely misses you.
The gnoll hits you from afar with a +0 spear.
You hit the gnoll but do no damage.
You tail-slap the gnoll, but do no damage.
The gnoll is severely wounded.
The gnoll closely misses you. The gnoll barely misses you.
You hit the gnoll.
You kill the gnoll!
Trog accepts your kill. The gnoll barely misses you.
Your Short Blades skill increases to level 1!
The gnoll barely misses you.
You hit the gnoll.
You tail-slap the gnoll, but do no damage.
The gnoll is moderately wounded.
The gnoll hits you with a +0 spear.
You hit the gnoll.
The gnoll is severely wounded.
The gnoll hits you with a +0 spear!
You hit the gnoll.
You kill the gnoll!
Trog accepts your kill.
Your Fighting skill increases to level 4!
Your Polearms skill increases to level 4!
Items here: ))) †††.
Okay, then.
Unknown command.
Are you sure you want to abandon this character and quit the game? (Confirm with "yes".)

r##..#... #.##.#...
###########.##.#..
#........##.# ....
#........ #.# ..# #
...... #.# #.# .
#..####.####.######.
#.@.......)........
#.##...####........
#......##.)........
####....<.##.......
#...##..........
###.####........
#..# ##....... #.##
###.###.
#####.###### #.. .


There were no monsters in sight!

Vanquished Creatures
  3 gnolls (D:3)
  2 adders
  A worm (D:2)
  A dart slug (D:2)
  5 orcs (D:3)
  2 bats (D:2)
  An endoplasm (D:1)
  A giant cockroach (D:2)
  3 goblins
  4 hobgoblins (D:1)
  3 jackals (D:1)
  A quokka (D:1)
  7 ball pythons
  5 kobolds
  A rat (D:1)
40 creatures vanquished.

Notes
Turn   | Place    | Note
-------+----------+-------------------------------------------
     0 | D:1      | MewnPig the Draconian Berserker began the quest for the
                  | Orb.
     0 | D:1      | Reached XP level 1. HP: 19/19 MP: 1/1
    13 | D:1      | Found Rowkuuqairch's Jewellery Shop.
   245 | D:1      | Reached XP level 2. HP: 26/26 MP: 2/2
   500 | D:1      | Reached ** piety under Trog
   836 | D:2      | Reached XP level 3. HP: 19/33 MP: 3/3
  1743 | D:3      | Reached XP level 4. HP: 33/40 MP: 4/4
  1789 | D:3      | Reached skill level 1 in Short Blades
  1795 | D:3      | Quit the game

Illustrated notes

Levels and vault maps discovered:
D:1:      scummos_arrival_hexagon, layout_basic, serial_shops,
          nicolae_shop_trees
D:2:      layout_basic
D:3:      layout_rooms, hangedman_decor_points, reono_crystal_passage,
          minivault_26, kennysheep_generic_room_9

Skill      XL: |  1  2  3  4 |
---------------+-------------+-----
Dodging        | 3 |  3.3
Short Blades   | 1 |  1.2
Fighting       | 4 |  4.0
Polearms       | 4 |  4.0
Stealth        | |  0.2

Action                   |  1- 3 |  4- 6 || total
-------------------------+-------+-------++-------
Melee: Spear             |    43 |       ||    43
       Tailslap          |    15 |     5 ||    20
       Punch             |     2 |       ||     2
       Dagger            |    60 |    13 ||    73
  Use: Potion            |     1 |       ||     1
Armor: Skin              |    20 |     3 ||    23
Dodge: Dodged            |    71 |    13 ||    84

Table legend: (Time is in decaauts)
 A = Elapsed time spent in this place.
 B = Non-inter-level travel time spent in this place.
 C = Inter-level travel time spent in this place.
 D = Time resting spent in this place.
 E = Time spent auto-exploring this place.
 F = Levels seen in this place.
 G = Mean time per level.
                   A        B        C        D        E       F      G
               +--------+--------+--------+--------+--------+-----+--------+
         Total |   1792 |   1792 |      0 |    400 |      0 |   3 |  597.3 |
       Dungeon |   1792 |   1792 |      0 |    400 |      0 |   3 |  597.3 |
               +--------+--------+--------+--------+--------+-----+--------+

Top non-repeatable levels by time:
     D:2: 771 daAuts
     D:1: 618 daAuts
     D:3: 402 daAuts
